nht, chaotic female elven Wizard --- |..| ........- --..--- .........-- |.....| .......%...| |.....| ............|----.....| -...........--.......-- -......`........G...-- . -|...............s@.. ..----.|.--................| ........^ |.......--.......- -----...---......--|....)... ---.......|.-- --........ |......---- |......... |......| --.......- -.....| ...%.| -.--. -.--- - - nht the Conjurer Experience level: 5 Strength: 9 Dexterity: 17 Constitution: 15 Intelligence: 15 Wisdom: 10 Charisma: 9 Health: 0(35) Energy: 13(41) Def: 1 Gold: 255 Moves: 488 Dungeon seed: 1L59zd-UanuqLAcQ Game ID: nht_1433699521 Your Inventory: Coins $ - 255 gold pieces Weapons a - a blessed +1 quarterstaff (weapon in hands) q - 9 +0 darts Armor e - an uncursed +0 cloak of magic resistance (being worn) r - an uncursed +0 dwarvish cloak N - a blessed +0 dwarvish cloak Y - an uncursed +0 dwarvish cloak Comestibles u - an uncursed banana w - an uncursed fortune cookie Scrolls j - an uncursed scroll of create monster k - an uncursed scroll of light s - an uncursed scroll of enchant weapon v - an uncursed scroll of stinking cloud x - an uncursed scroll of magic mapping Spellbooks l - a blessed spellbook of force bolt m - a blessed spellbook of magic missile n - an uncursed spellbook of detect monsters Potions f - an uncursed potion of speed g - 2 uncursed potions of blindness Rings c - an uncursed ring of stealth d - an uncursed ring of warning B - an uncursed ring of teleportation Wands b - a wand of secret door detection (0:13) t - a wand of enlightenment (0:10) A - a wand of magic missile (0:3) Tools o - a magic marker (0:66) p - an uncursed tooled horn Gems y - an uncursed worthless piece of red glass z - 2 uncursed turquoise stones Spells known in the end: Name Level Category Fail Memory a - force bolt 1 attack 0% 98% b - magic missile 2 attack 0% 98% c - detect monsters 1 divination 0% 98% Your skills at the end: Fighting Skills Weapon Skills quarterstaff [Basic] Spellcasting Skills attack spells [Basic] enchantment spells [Basic] Final Attributes: You were piously aligned. You were sleep resistant. You were magic-protected. You saw invisible. You had infravision. You are dead. Vanquished creatures: a dwarf lord 3 gnome lords a gnomish wizard 3 dwarves 10 gnomes a gecko a kobold 2 newts 22 creatures vanquished. Voluntary challenges: You were vegetarian. You used a wielded weapon 34 times, starting on turn 32. You read items or engraved 3 times, starting on turn 144. You never genocided any monsters. You never polymorphed an object. You never changed form. You used no wishes. You never split a pudding. You wrote Elbereth's name 1 time, starting on turn 428. You never violated your personal moral code. You disabled loading bones files. Dungeon overview: The Dungeons of Doom: levels 1 to 4 Level 1 an altar to Ptah a long staircase Level 2 a sink Level 3 Level 4 a fountain stairs to The Gnomish Mines The Gnomish Mines: levels 5 to 7 Level 5 stairs to The Dungeons of Doom Level 7 <- You were here History has recorded: On T:1 you entered the Dungeons of Doom to retrieve the Amulet of Yendor! On T:42 you reached level 2 of The Dungeons of Doom. On T:74 you reached level 3 of The Dungeons of Doom. On T:193 you reached level 4 of The Dungeons of Doom. On T:224 you reached level 1 of The Gnomish Mines. On T:232 you advanced to experience level 2. On T:255 you advanced to experience level 3. On T:286 you advanced to experience level 4. On T:387 you reached level 3 of The Gnomish Mines. On T:479 you advanced to experience level 5. Score breakdown: Gold: 255 ( 8192 points) Experience: 5 levels (11141 points) Exploration: 7 levels ( 15.22%) (10954 points) Discoveries: 4 items ( 1.45%) ( 3611 points) Valuables value: (no points given unless you survive) Artifact value: 0 ( 0 points) Variety of kills: 8 monsters ( 2.11%) ( 4358 points) Time penalty: 488 turns ( 0 points) Survival: died (score multiplied by 80%) Total score: 30604 Latest messages: The dwarf is killed by the magic missile! You hit the giant spider. The giant spider bites! You die... Final status: Goodbye nht the Wizard, killed by a giant spider... You died in The Gnomish Mines on dungeon level 7 with 30604 points, and 255 pieces of gold, after 488 moves. You were level 5 with a maximum of 35 hit points when you died.